 Dungeon Sprint DCSS version 0.16.1-28-gcc2312f (webtiles) character file.

11 Kidiri the Firebug (level 2, -1/15 HPs)
             Began as a Deep Elf Fire Elementalist on May 28, 2015.
             Was an Initiate of Sif Muna.
             Slain by a worker ant (7 damage)
             ... in the Dungeon (Sprint VII: "The Pits").
             The game lasted 00:01:11 (221 turns).

Kidiri the Firebug (Deep Elf Fire Elementalist)      Turns: 221, Time: 00:01:11

Health: -1/15      AC:  2    Str:  5    XL:     2   Next: 13%
Magic:  4/9        EV: 13    Int: 19    God:    Sif Muna [......]
Gold:   0          SH:  0    Dex: 15    Spells: 1 memorised, 8 levels left

rFire  . . .     SeeInvis .     j - +2 quarterstaff
rCold  . . .     Clarity  .     a - +0 robe
rNeg   . . .     SustAb   .     (no shield)
rPois  .         Gourm    .     (no helmet)
rElec  .         Spirit   .     (no cloak)
rCorr  .         Warding  .     (no gloves)
rMut   .         NoTele   +     (no boots)
MR     .....                    (no amulet)
Stlth  ++........               (no ring)
                                (no ring)

@: lethally poisoned (-1 -> -7), very slightly contaminated, not resistant to
hostile enchantments, unstealthy
A: no striking features
a: Renounce Religion


You were in the Dungeon.
You worshipped Sif Muna.
Sif Muna was noncommittal.
You were not hungry.

You visited 1 branch

Inventory:

Hand weapons
 j - a +2 quarterstaff (weapon)
Armour
 a - a +0 robe (worn)
Scrolls
 i - a scroll of blinking
 n - 3 scrolls of remove curse
 o - 5 scrolls of amnesia
 p - a scroll of summoning
Potions
 d - a potion of curing
 e - a potion of heal wounds
 f - a potion of haste
 g - 4 potions of magic
 h - 3 potions of berserk rage
 m - 2 potions of invisibility
Books
 b - a book of Flames

   Spells                             Type                      Level
   a - Flame Tongue                   Conjuration/Fire             1
   b - Throw Flame                    Conjuration/Fire             2
   c - Conjure Flame                  Conjuration/Fire             3
   d - Inner Flame                    Hexes/Fire                   3
   e - Sticky Flame                   Conjuration/Fire             4
   f - Fireball                       Conjuration/Fire             5
Comestibles
 c - 8 bread rations
 k - 40 fruits
 l - 7 meat rations


   Skills:
 + Level 0.0 Staves
 + Level 3.0 Dodging
 + Level 3.2 Stealth
 * Level 4.0 Spellcasting
 * Level 2.4 Conjurations
 * Level 4.1 Fire Magic


You had 8 spell levels left.
You knew the following spells:

 Your Spells              Type           Power        Failure   Level  Hunger
a - Flame Tongue          Conj/Fire      ###..        4%          1    None


Dungeon Overview and Level Annotations

Branches:
Dungeon (1/1)

Altars:
Ashenzari
Cheibriados
Dithmenos
Elyvilon
Fedhas
Kikubaaqudgha
Makhleb
Nemelex Xobeh
Okawaru
Ru
Sif Muna
Trog
Vehumet
Xom
Yredelemnul
Zin
The Shining One
Beogh
Jiyva
Lugonu


Message History

Confirm with . or Enter, or press ? or * to list all spells.
Aiming: Flame Tongue
Press: ? - help, Shift-Dir - straight line, f/p - quokka
Aim: a quokka (moderately wounded)
The flame tongue hits the quokka.
You kill the quokka!
The worker ant bites you.
You are poisoned.
The worker ant poisons you!
You feel sick. The worker ant barely misses you.
Casting: Flame Tongue
Confirm with . or Enter, or press ? or * to list all spells.
Aiming: Flame Tongue
Press: ? - help, Shift-Dir - straight line, f - worker ant
Aim: a worker ant The flame tongue hits the worker ant.
The worker ant is lightly wounded.
You feel sick. The worker ant bites you!
You die...

############ #__________#
#__________#
#.#####'##############+
#.))'.'..##...........
#)))#.#?(##......#..#.
#######'#####...........
#.......@...÷............
#+#####a#####......#..#..
#...†.# #............
#.....# ####'#####++#
###+### #.......#
#.......# #.......#
#...<...# #.......#


You could see a worker ant.

Vanquished Creatures
  An adder (D)
  A quokka (D)
2 creatures vanquished.

Vanquished Creatures (others)
  A golden dragon (D)
  An apis (D)
  An ice dragon (D)
  A hell beast (D)
  An octopode (shapeshifter) (D)
5 creatures vanquished.

Grand Total: 7 creatures vanquished

Notes
Turn   | Place    | Note
--------------------------------------------------------------
     0 | D        | Kidiri, the Deep Elf Fire Elementalist, began the quest for the Orb.
     0 | D        | Reached XP level 1. HP: 10/10 MP: 5/5
     6 | D        | Killed an octopode
     9 | D        | Killed a hell beast
     9 | D        | Killed an ice dragon
    14 | D        | Reached skill level 4 in Spellcasting
    14 | D        | Reached XP level 2. HP: 12/15 MP: 3/9
    14 | D        | Killed an apis
   108 | D        | Killed a golden dragon
   177 | D        | Found a sacrificial altar of Ru.
   177 | D        | Found a basalt altar of Yredelemnul.
   177 | D        | Found a shadowy altar of Dithmenos.
   177 | D        | Found a deep blue altar of Sif Muna.
   177 | D        | Found a burning altar of Makhleb.
   177 | D        | Found a shimmering altar of Xom.
   177 | D        | Found an ancient bone altar of Kikubaaqudgha.
   177 | D        | Found a sparkling altar of Nemelex Xobeh.
   178 | D        | Found a glowing golden altar of the Shining One.
   178 | D        | Found a bloodstained altar of Trog.
   178 | D        | Found a shattered altar of Ashenzari.
   178 | D        | Found a white marble altar of Elyvilon.
   178 | D        | Found a snail-covered altar of Cheibriados.
   178 | D        | Found a blossoming altar of Fedhas.
   178 | D        | Found a radiant altar of Vehumet.
   178 | D        | Found a glowing silver altar of Zin.
   178 | D        | Found a corrupted altar of Lugonu.
   178 | D        | Found a viscous altar of Jiyva.
   178 | D        | Found a roughly hewn altar of Beogh.
   178 | D        | Found an iron altar of Okawaru.
   181 | D        | Became a worshipper of Sif Muna the Loreminder
   214 | D        | Noticed a worker ant
   221 | D        | Slain by a worker ant

Action                   || total
-------------------------++-------
 Cast: Flame Tongue      ||     7
